 Dungeon Crawl Stone Soup version 0.29.1-4-g47bece8355 (webtiles) character file.

Game seed: 17002084139174980886

833 cheesebisquit the Cleaver (level 7, -5/58 HPs)
             Began as a Minotaur Berserker on Dec 9, 2022.
             Was a Believer of Trog.
             Slain by a sky beast (6 damage)
             ... on level 4 of the Dungeon.
             The game lasted 00:13:10 (3203 turns).

cheesebisquit the Cleaver (Minotaur Berserker)      Turns: 3203, Time: 00:13:10

Health: -5/58      AC:  7    Str: 23    XL:     7   Next: 66%
Magic:  6/6        EV: 14    Int: 12    God:    Trog [**....]
Gold:   103        SH:  0    Dex:  8    Spells: 6/6 levels left

rFire   . . .      SeeInvis .   a - +0 hand axe
rCold   + . .      Faith    .   (no shield)
rNeg    . . .      Spirit   .   A - +0 scale mail
rPois   .          Reflect  .   p - +1 hat of Wazyruciff {Harm Int+4 Stlth+}
rElec   .          Harm     +   (no cloak)
rCorr   .          Rampage  .   (no gloves)
Will    ++...                   (no boots)
Stlth   +.........              (no amulet)
HPRegen 1.19/turn               c - ring of protection from cold
MPRegen 0.10/turn               r - +4 ring of evasion

@: strong-willed, regenerating
A: horns 2, retaliatory headbutt, clever 1
a: Renounce Religion, Berserk, Trog's Hand


You were on level 4 of the Dungeon.
You worshipped Trog.
Trog was pleased with you.
You visited 1 branch of the dungeon, and saw 4 of its levels.

You collected 103 gold pieces.

Inventory:

Hand Weapons
 a - a +0 hand axe (weapon)
Armour
 b - a +0 animal skin
 l - a +0 ring mail
 p - the +1 hat of Wazyruciff (worn) {Harm Int+4 Stlth+}
   (You found it on level 2 of the Dungeon)

   Int:       It affects your intelligence (+4).
   Harm:      It increases damage dealt and taken.
   Stlth:     It makes you more stealthy.
 A - a +0 scale mail (worn)
Jewellery
 c - a ring of protection from cold (left hand)
 j - a ring of protection from cold
 r - a +4 ring of evasion (right hand)
Wands
 y - a wand of flame (20)
Scrolls
 e - a scroll of silence {unknown}
 g - a scroll of enchant weapon {unknown}
 h - 3 scrolls of amnesia {unknown}
 i - 3 scrolls of teleportation {unknown}
 m - a scroll of brand weapon {unknown}
 s - a scroll of magic mapping {unknown}
 u - a scroll of poison {unknown}
 v - a scroll of summoning {unknown}
 B - a scroll of noise {unknown}
Potions
 d - 2 potions of attraction
 f - 2 potions of degeneration
 k - 5 potions of flight
 n - 2 potions of invisibility
 q - a potion of heal wounds {unknown}
 t - 2 potions of lignification
 w - a potion of resistance {unknown}
 x - a potion of curing {unknown}
 z - a potion of mutation


   Skills:
 - Level 3.8 Fighting
 + Level 10.8 Axes
 - Level 2.7 Armour
 - Level 2.4 Dodging


You had 6 spell levels left.
You didn't know any spells.
Your spell library was empty.

Dungeon Overview and Level Annotations

Branches:
Dungeon (4/15)
 Temple: D:4-7

Altars:
Hepliaklqana


Innate Abilities, Weirdness & Mutations

You have a pair of horns on your head.
You reflexively headbutt those who attack you in melee.
Your mind is acute. (Int +4, Str/Dex -1)


Message History

The endoplasm quivers.
You hit the orc but do no damage.
The orc is lightly wounded.
You miss something. The orc hits you but does no damage.
Something hits you but does no damage.
You hit the orc but do no damage.
The orc is lightly wounded.
You closely miss something. Something hits you but does no damage.
The orc barely misses you.
Your skin crawls.
You feel strong-willed.
You recover from your berserk rage.
The orc hits you but does no damage. Something hits you but does no damage.
You barely miss the orc.
The orc is lightly wounded.
You hit something. The orc barely misses you.
Something hits you but does no damage.
You hit the orc.
The orc is moderately wounded.
You closely miss something. You hit the orc.
You kill the orc!
Trog accepts your kill.
You barely miss something. Something hits you. Something shocks you.
You miss something. Something hits you.
* * * LOW HITPOINT WARNING * * *
Something shocks you.
* * * LOW HITPOINT WARNING * * *
It was a potion of mutation.
You feel extremely strange.
You feel clever. The endoplasm misses you. Something hits you.
* * * LOW HITPOINT WARNING * * *
Something shocks you.
* * * LOW HITPOINT WARNING * * *
Okay, then.
It was a potion of cancellation.
You feel magically purged.
The endoplasm hits you but does no damage.
Something hits you.
* * * LOW HITPOINT WARNING * * *
Something shocks you.
You die...

## .. ..# ..
#####..#### ##.#
..........# #..#
###.#####.# ...# ###.#
#.## #..# ...)# #..#
#J.# ###.# #..# #@{# #
#.#####..# #).# #
#.....(..# #..# #
####†###.#####..# #
#............#
########.######........
.........# #########
##########


You could see an endoplasm.

Vanquished Creatures
  Pikel (D:4)
  A lemure (D:4)
  A hound (D:3)
  3 orc priests (D:3)
  Jessica (D:2)
  3 orc wizards
  Robin (D:2)
  6 adders
  A worm (D:3)
  4 dart slugs
  9 orcs
  6 bats
  3 endoplasms
  2 giant cockroaches
  12 goblins
  14 hobgoblins
  8 kobolds
  3 quokkas
  4 ball pythons
  2 frilled lizards (D:2)
  6 rats
91 creatures vanquished.

Notes
Turn   | Place    | Note
-------+----------+-------------------------------------------
     0 | D:1      | cheesebisquit the Minotaur Berserker began the quest for
                  | the Orb.
     0 | D:1      | Reached XP level 1. HP: 19/19 MP: 0/0
    46 | D:1      | Reached XP level 2. HP: 23/27 MP: 1/1
   147 | D:1      | Reached skill level 4 in Axes
   802 | D:2      | Noticed Robin
   813 | D:2      | Reached XP level 3. HP: 15/33 MP: 2/2
   819 | D:2      | Killed Robin
   820 | D:2      | Reached skill level 5 in Axes
  1231 | D:2      | Reached ** piety under Trog
  1233 | D:2      | Found a hazy altar of Hepliaklqana.
  1334 | D:2      | Reached XP level 4. HP: 40/40 MP: 3/3
  1425 | D:2      | Identified the +1 hat of Wazyruciff {Harm Int+4 Stlth+}
  1554 | D:2      | Noticed Jessica
  1560 | D:2      | Killed Jessica
  1561 | D:2      | Reached skill level 6 in Axes
  1901 | D:3      | Reached XP level 5. HP: 46/46 MP: 4/4
  1939 | D:3      | Reached skill level 7 in Axes
  2371 | D:3      | Reached XP level 6. HP: 48/52 MP: 5/5
  2627 | D:3      | Reached skill level 8 in Axes
  3140 | D:4      | Noticed Pikel
  3146 | D:4      | Killed Pikel
  3147 | D:4      | Reached skill level 10 in Axes
  3147 | D:4      | Reached XP level 7. HP: 58/58 MP: 6/6
  3202 | D:4      | Gained mutation: Your mind is acute. (Int +4, Str/Dex -1)
                  | [potion of mutation]
  3202 | D:4      | HP: 1/58 [something (6)]
  3203 | D:4      | Slain by a sky beast

Illustrated notes

Levels and vault maps discovered:
D:1:      ncdulo_smallfort, layout_basic, hangedman_decor_points
D:2:      layout_basic, basic_altar, minmay_between, uniq_robin, uniq_jessica
D:3:      layout_loops_ring, chequers_serial_rivers_small_3
D:4:      layout_loops_ring, zin_scriptorium, nicolae_shop_overcharged_wands,
          uniq_pikel, uniq_eustachio, uniq_menkaure, uniq_edmund, uniq_natasha

Skill      XL: |  1  2  3  4  5  6 |
---------------+-------------------+-----
Axes           | 4 5 6 7 10 | 10.8
Fighting       | |  3.8
Armour         | |  2.7
Dodging        | |  2.4

Action                   |  1- 3 |  4- 6 |  7- 9 || total
-------------------------+-------+-------+-------++-------
Melee: Hand axe          |    87 |    98 |    23 ||   208
       Headbutt          |     8 |    14 |     3 ||    25
       Punch             |       |     1 |       ||     1
Invok: Berserk           |     1 |     3 |       ||     4
       Trog's Hand       |       |       |     1 ||     1
  Use: Scroll            |       |     5 |       ||     5
       Potion            |       |       |     2 ||     2
 Stab: Sleeping          |       |     2 |       ||     2
Armor: Animal skin       |     8 |       |       ||     8
       Ring mail         |    18 |    27 |       ||    45
       Scale mail        |       |     1 |    15 ||    16
Dodge: Dodged            |    63 |    50 |    13 ||   126
